AoeStats
← 血刃

MegaRandom

510405672Analyzed
2v2 RM · 17h ago on Sep 30, 2026· 21m 59s· 4 players
Game mode
Random Map
Map size
Medium (4 player)
Population
200
Speed
Normal
Resources
Standard
Victory
Conquest
Starting age
Dark Age
Ending age
Imperial Age
RankedLock teamsTeams togetherTeam positionsShared explorationLock speedFull tech treeHidden civsTurbo modeCheats
Victory
Defeat
🇨🇳 Khmer · China
1702
+16
🇧🇷 Mongols · Brazil
1625
+19
🇨🇦 Varangians · Canada
1708
-18
🇩🇰 Saxons · Denmark
1695
-17
Envetel
7:41 Loom
10:05 Feudal Age
12:57 Castle Age
12:31 Double-Bit Axe
12:27 Horse Collar
14:54 Horse Collar
15:07 Gold Mining
20:46 Town Watch
血刃
9:37 Feudal Age
7:53 Loom
13:27 Castle Age
12:14 Double-Bit Axe
Atomicus
6:48 Loom
8:41 Feudal Age
17:22 Castle Age
15:34 Horse Collar
18:22 Bloodlines
18:02 Double-Bit Axe
20:53 Light Cavalry
ges
7:07 Loom
9:40 Feudal Age
10:19 Double-Bit Axe
17:37 Castle Age
15:57 Fletching
17:43 Crossbowman
18:39 Bodkin Arrow
Connection lost

Rejoining the realm…

Still unreachable

The connection could not be restored.

Session expired

The server has moved on; the page needs a fresh start.